 Dungeon Crawl Stone Soup version 0.28-a0-1235-g7c8fac35f0 (webtiles) character file.

Game seed: 82129063690193324

0 Gargoyl the Skirmisher (level 1, -2/23 HPs)
             Began as a Gnoll Abyssal Knight on Dec 25, 2021.
             Was a Follower of Lugonu.
             Incinerated by a smoke demon (7 damage)
             ... with a sticky flame
             ... on level 2 of the Abyss.
             The game lasted 00:00:22 (155 turns).

Gargoyl the Skirmisher (Gnoll Abyssal Knight)        Turns: 155, Time: 00:00:23

Health: -2/23      AC:  3    Str: 12    XL:     1   Next: 0%
Magic:  8/12       EV: 12    Int:  9    God:    Lugonu [*.....]
Gold:   0          SH:  0    Dex: 12    Spells: 0/0 levels left

rFire   . . .      SeeInvis .   a - +1 hand axe
rCold   . . .      Faith    .   (no shield)
rNeg    . . .      Spirit   .   b - +0 leather armour
rPois   .          Reflect  .   (no helmet)
rElec   .          Harm     .   (no cloak)
rCorr   .          Rampage  .   (no gloves)
Will    .....                   (no boots)
Stlth   +.........              (no amulet)
HPRegen 0.07/turn               c - ring of magical power
MPRegen 0.13/turn               (no ring)

@: on fire, glowing
A: fangs 1, strong nose, distributed training
a: Renounce Religion, Depart the Abyss


You were on level 2 of the Abyss.
You worshipped Lugonu.
Lugonu was aware of your devotion.
You visited 0 branches of the dungeon, and saw 0 of its levels.
You visited the Abyss 1 time.

Inventory:

Hand Weapons
 a - a +1 hand axe (weapon)
Armour
 b - a +0 leather armour (worn)
Jewellery
 c - a ring of magical power (left hand)


   Skills:
 + Level 6.4 Fighting
 + Level 0.0 Short Blades
 + Level 0.0 Long Blades
 + Level 4.4 Axes
 + Level 0.0 Maces & Flails
 + Level 0.0 Polearms
 + Level 0.0 Staves
 + Level 0.0 Slings
 + Level 0.0 Bows
 + Level 0.0 Crossbows
 + Level 0.0 Throwing
 + Level 4.4 Armour
 + Level 2.3 Dodging
 + Level 0.0 Stealth
 + Level 0.0 Shields
 + Level 0.0 Unarmed Combat
 + Level 0.0 Spellcasting
 + Level 0.0 Conjurations
 + Level 0.0 Hexes
 + Level 0.0 Summonings
 + Level 0.0 Necromancy
 + Level 0.0 Translocations
 + Level 0.0 Transmutations
 + Level 0.0 Fire Magic
 + Level 0.0 Ice Magic
 + Level 0.0 Air Magic
 + Level 0.0 Earth Magic
 + Level 0.0 Poison Magic
 + Level 4.4 Invocations
 + Level 0.0 Evocations


You couldn't memorise any spells.
You didn't know any spells.
Your spell library was empty.

Dungeon Overview and Level Annotations

Branches:
Dungeon (0/15)

Altars:


Innate Abilities, Weirdness & Mutations

You have very sharp teeth.
Your uncanny sense of smell can sniff out nearby items.
Your experience applies equally to all skills.


Message History

Found a corrupted altar of Lugonu.
Found a robe.
Found a gateway leading out of the Abyss.
There is a corrupted altar of Lugonu here.
A tentacled starspawn comes into view.
Unknown command.
Tentacles burst from the starspawn's body! 2 starspawn tentacles come into view.
The starspawn tentacle grabs you. The starspawn tentacle constricts you.
You escape the starspawn tentacle's grasp.
Found 21 sling bullets.
Found 27 sling bullets.
You see here 21 sling bullets.
Found a gateway leading deeper into the Abyss.
You see here 27 sling bullets.
There is a gateway leading deeper into the Abyss here.
The small abomination barely misses you. x2
You plunge deeper into the Abyss.
Found a trident and an ivory ring.
You see here a +0 trident.
c - a ring of magical power You feel your magic capacity increase.
c - a ring of magical power (left hand) HP restored.
A large abomination comes into view.
Found 4 atropa-tipped darts.
A smoke demon comes into view.
The smoke demon roars!
You hear a roar!
Found a gateway leading deeper into the Abyss.
The smoke demon gestures at you. The sticky flame hits you!
You are covered in liquid flames!
You are covered in liquid flames!
Found a corrupted altar of Lugonu.
You are covered in liquid flames!
* * * LOW HITPOINT WARNING * * *
Tentacles burst from the starspawn's body! 2 starspawn tentacles come into view.
You are covered in liquid flames!
You die...

. #. ### #. .#.. .
#.##### ... .# #...#.
..#.. ###...#####. .
.## #..#...##.#.###..#
#>@.###.......#3
#._.#..3.#.# .#
#....##..##X##.#.#
....... ##X.#. ..#.#
#.......##ww...#...#
.....##.......#...## #
..#.# #..........###
........#..#.....#...#
. ...#.#....#.#...


You could see a large abomination and a smoke demon.

Vanquished Creatures (others)
  2 starspawn tentacles (Abyss:1)
2 creatures vanquished.

Notes
Turn   | Place    | Note
-------+----------+-------------------------------------------
     0 | Abyss:1  | Gargoyl the Gnoll Abyssal Knight began the quest for the
                  | Orb.
     0 | Abyss:1  | Reached XP level 1. HP: 23/23 MP: 3/3
    64 | Abyss:1  | Noticed a tentacled starspawn
    92 | Abyss:1  | Noticed a small abomination
   138 | Abyss:2  | Noticed a large abomination
   144 | Abyss:2  | Noticed a smoke demon
   146 | Abyss:2  | Noticed a tentacled starspawn
   154 | Abyss:2  | Found a corrupted altar of Lugonu.
   155 | Abyss:2  | Incinerated by a smoke demon

Illustrated notes

Levels and vault maps discovered:
Abyss:2:  base: Temple, evilmike_abyss_exit_9

Action                   || total
-------------------------++-------
Dodge: Dodged            ||     2

Table legend: (Time is in decaauts)
 A = Elapsed time spent in this place.
 B = Non-inter-level travel time spent in this place.
 C = Inter-level travel time spent in this place.
 D = Time resting spent in this place.
 E = Time spent auto-exploring this place.
 F = Levels seen in this place.
 G = Mean time per level.
                   A        B        C        D        E       F      G
               +--------+--------+--------+--------+--------+-----+--------+
         Total |    154 |    154 |      0 |      0 |     90 |   2 |   77.0 |
         Abyss |    154 |    154 |      0 |      0 |     90 |   2 |   77.0 |
               +--------+--------+--------+--------+--------+-----+--------+

Top non-repeatable levels by time:
 Abyss:1: 102 daAuts
 Abyss:2: 52 daAuts
